 Dungeon Crawl Stone Soup version 0.26-a0-651-gb41185065b (webtiles) character file.

Game seed: 16920863415986175621

59841 Flugslaktarn the Cleaver (level 14, -9/139 HPs)
             Began as a Deep Dwarf Fighter on Oct 8, 2020.
             Was the Champion of Makhleb.
             Mangled by Rupert
             ... wielding a +5 vorpal great mace
              (22 damage)
             ... on level 4 of the Lair of Beasts.
             The game lasted 00:09:02 (11855 turns).

Flugslaktarn the Cleaver (Deep Dwarf Fighter)      Turns: 11855, Time: 00:09:03

Health: -9/139     AC: 26    Str: 20      XL:     14   Next: 54%
Magic:  11/11      EV:  9    Int: 13      God:    Makhleb [******]
Gold:   1169       SH: 24    Dex: 15 (16) Spells: 13/13 levels left

rFire    + . .     SeeInvis .   u - +3 broad axe (flame)
rCold    + + .     Faith    .   H - +1 tower shield of the Beggar {Int+3}
rNeg     + . .     Spirit   .   o - +0 plate armour
rPois    .         Reflect  +   (helmet restricted)
rElec    .         Harm     .   g - +2 cloak
rCorr    .         Rampage  .   p - +2 pair of gloves
MR       ++...                  e - +2 pair of boots
Stlth    ..........             E - amulet of reflection
HPRegen  0.00/turn              c - ring of protection from cold
MPRegen  0.12/turn              f - ring of protection from fire

@: non-regenerating
A: damage resistance, heal wounds, horns 1, rugged brown scales 1, cold
resistance 1, negative energy resistance 1, sense surroundings 2, subdued magic
1, no regeneration
a: Heal Wounds, Minor Destruction, Lesser Servant of Makhleb, Major Destruction,
Greater Servant of Makhleb, Renounce Religion


You were on level 4 of the Lair of Beasts.
You worshipped Makhleb.
Makhleb was exalted by your worship.
You visited 3 branches of the dungeon, and saw 20 of its levels.

You collected 1406 gold pieces.
You spent 237 gold pieces at shops.

Inventory:

Hand Weapons
 u - a +3 broad axe of flaming (weapon)
   (You took it off Maggie on level 6 of the Dungeon)
Missiles
 a - a throwing net (quivered)
Armour
 e - a +2 pair of boots (worn)
   (You found it on level 1 of the Dungeon)
 g - a +2 cloak (worn)
   (You took it off Maurice on level 12 of the Dungeon)
 l - the +2 pair of gloves of Experimentation {*Corrode rF+ rC+++}
   (You found it on level 6 of the Dungeon)

   It protects you from fire.
   It renders you almost immune to cold.
   It may corrode you when you take damage.
 o - a +0 plate armour (worn)
   (You found it on level 4 of the Dungeon)
 p - a +2 pair of gloves (worn)
   (You found it on level 8 of the Dungeon)
 F - the +0 cloak of Creativity {Dex+2}
   (You found it on level 4 of the Dungeon)

   It affects your dexterity (+2).
 H - the +1 tower shield of the Beggar (worn) {Int+3}
   (You bought it in a shop on level 14 of the Dungeon)

   It affects your intelligence (+3).
Jewellery
 c - a ring of protection from cold (left hand)
   (You found it on level 1 of the Dungeon)
 f - a ring of protection from fire (right hand)
   (You found it on level 14 of the Dungeon)
 E - an amulet of reflection (around neck)
   (You found it on level 14 of the Dungeon)
Wands
 s - a wand of enslavement (9)
   (You found it on level 12 of the Dungeon)
 C - a wand of acid (7)
   (You found it on level 13 of the Dungeon)
Scrolls
 i - 4 scrolls of fear
 j - 3 scrolls of fog
 m - a scroll of immolation
 r - 7 scrolls of identify
 t - 7 scrolls of teleportation
 x - 12 scrolls of remove curse
 z - 2 scrolls of blinking
Potions
 d - 5 potions of might
 h - 3 potions of haste
 k - 2 potions of lignification
 n - a potion of resistance
 q - 6 potions of curing
 v - a potion of flight {unknown}
 w - 2 potions of heal wounds
 A - 2 potions of berserk rage
 B - 2 potions of cancellation


   Skills:
 + Level 11.6 Fighting
 + Level 13.4 Axes
 + Level 11.0 Armour
 - Level 11.0 Dodging
 * Level 10.8 Shields
 + Level 10.6 Invocations
 + Level 7.4 Evocations


You had 13 spell levels left.
You didn't know any spells.
Your spell library was empty.

Dungeon Overview and Level Annotations

Branches:
Dungeon (15/15)            Temple (1/1) D:7            Lair (4/6) D:11
 Shoals (0/4) Lair:3        Snake (0/4) Lair:3          Orc (0/2) D:10
 Vaults (0/5) D:13         Depths (0/5) D:15

Altars:
Ashenzari
Cheibriados
Dithmenos
Elyvilon
Fedhas
Gozag
Hepliaklqana
Kikubaaqudgha
Makhleb
Nemelex Xobeh
Okawaru
Qazlal
Ru
Sif Muna
Trog
Uskayaw
Vehumet
Wu Jian
Xom
Yredelemnul
Zin
The Shining One

Shops:
D:4 ?   D:5 *   D:8 =   D:14 [

Annotations:
Lair:3 3 runed translucent doors, Hykosis's ghost, journeyman MiFi
Lair:4 Rupert


Innate Abilities, Weirdness & Mutations

You are resistant to damage.
You can heal yourself by infusing magical energy.
You resist negative energy. (rN+)
You passively map the area around you.
You do not regenerate.
You have a pair of small horns on your head.
You are partially covered in rugged brown scales. (AC +1, +3% HP)
Your flesh is cold resistant. (rC+)
Your spells are a little easier to cast, but a little less powerful.


Message History

You slash Rupert! You burn Rupert.
Rupert is heavily wounded.
Rupert yells loudly at you.
You suddenly lose the ability to move!
Rupert hits you with a +5 vorpal great mace.
Rupert roars madly and goes into a rage!
Rupert goes berserk!
Rupert hits you with a +5 vorpal great mace!!
Rupert completely misses you.
Rupert hits you with a +5 vorpal great mace!!!
Rupert hits you with a +5 vorpal great mace.
Rupert hits you with a +5 vorpal great mace!!
* * * LOW HITPOINT WARNING * * *
Rupert hits you with a +5 vorpal great mace!!
* * * LOW HITPOINT WARNING * * *
x2 You can move again.
You closely miss Rupert.
Rupert is heavily wounded.
Rupert hits you with a +5 vorpal great mace!!
You die...

, , ,, ,* * ** *
*#..* , *..#* *
, ,##..## , , *
..>.. , * , * *
....,** * ,*
*..# , , ###@# *
* ##.@.# * * ,
#....# ,# , *#
#..### *.## , ,
*
.##.##..###P.P#
* , ,**
..............#
,*,
*####.#..P######
###..## , , ,
#..# , * ##..#


You could see Rupert (berserk).

Vanquished Creatures
  A fire giant (D:14)
  An ettin (D:15)
  8 vault guards (D:13)
  3 hydras
  2 death knights
  6 centaur warriors
  2 ogre magi (D:15)
  6 two-headed ogres
  2 tengu warriors
  A deep elf knight (D:15)
  A fire crab (shapeshifter) (D:9)
  4 skeletal warriors (D:15)
  A deep troll (D:15)
  2 unseen horrors
  Pikel (D:8)
  A wolf spider zombie (D:14)
  10 ugly things
  2 cyclopes
  3 deep elf magi (D:15)
  2 manticores
  Maurice (D:12)
  2 black mambas (Lair:2)
  Psyche (D:8)
  Maggie (D:6)
  A gargoyle (D:13)
  2 kobold demonologists (D:15)
  An efreet (D:15)
  A redback zombie (D:15)
  A komodo dragon (D:13)
  3 freezing wraiths (D:15)
  A tengu conjurer (D:11)
  8 trolls
  A wind drake (shapeshifter) (D:14)
  Grinder (D:4)
  16 slime creatures
  9 hippogriffs
  3 wraiths
  A wyvern (D:11)
  16 yaks
  A vampire (D:9)
  5 fire bats (D:14)
  3 basilisks
  13 vampire mosquitoes
  2 wargs (D:11)
  2 acid dragons
  8 water moccasins
  A floating eye (shapeshifter) (D:14)
  6 orc warriors
  An eye of draining (D:12)
  2 ice beasts
  3 sky beasts
  4 black bears
  10 ogres
  A hornet zombie (D:10)
  2 necrophages
  3 phantoms
  5 boggarts (D:15)
  13 centaurs
  2 crocodiles (Lair:3)
  A wyvern zombie (D:13)
  13 bullfrogs
  2 water moccasin zombies
  2 scorpions
  A water moccasin skeleton (D:9)
  6 killer bees
  13 wights
  An electric eel (D:13)
  4 howler monkeys
  2 bullfrog zombies
  2 centaur zombies
  2 quasits
  6 orc priests
  3 centaur skeletons
  4 hounds
  17 orc wizards
  5 iguanas
  7 worker ants
  A killer bee zombie (D:10)
  A hound zombie (D:9)
  2 hound skeletons
  A worker ant zombie (D:9)
  4 gnolls (D:9)
  9 adders
  2 shadow imps (D:6)
  6 white imps
  3 ufetubi
  An ooze (D:4)
  An adder skeleton (D:7)
  2 worms (D:4)
  2 dart slugs
  A leopard gecko (D:4)
  65 orcs
  A ball python (D:4)
  2 giant cockroaches
  3 goblins
  5 hobgoblins
  5 jackals
  5 quokkas
  4 bats
  3 frilled lizards
  A jackal skeleton (D:7)
  3 kobolds
  A quokka skeleton (D:6)
  6 rats
447 creatures vanquished.

Vanquished Creatures (collateral kills)
  An orc (D:10)
1 creature vanquished.

Vanquished Creatures (others)
  5 fungi
  21 plants
26 creatures vanquished.

Grand Total: 474 creatures vanquished

Notes
Turn   | Place    | Note
-------+----------+-------------------------------------------
     0 | D:1      | Flugslaktarn the Deep Dwarf Fighter began the quest for the
                  | Orb.
     0 | D:1      | Reached XP level 1. HP: 20/20 MP: 1/1
   111 | D:1      | Reached XP level 2. HP: 24/27 MP: 2/2
   229 | D:2      | Reached XP level 3. HP: 26/34 MP: 3/3
   331 | D:2      | Reached skill level 3 in Axes
   586 | D:4      | Reached XP level 4. HP: 42/42 MP: 4/4
   604 | D:4      | Noticed an ogre
   615 | D:4      | Killed an ogre
   615 | D:4      | Reached skill level 4 in Axes
   615 | D:4      | Reached XP level 5. HP: 46/50 MP: 5/5
   671 | D:4      | Reached XP level 6. HP: 53/57 MP: 5/5
   771 | D:5      | Entered Level 5 of the Dungeon
   855 | D:4      | Reached skill level 5 in Axes
  1043 | D:4      | Got a smoking cloak
  1049 | D:4      | Identified the cursed +0 cloak of Creativity {Dex+2} (You
                  | found it on level 4 of the Dungeon)
  1123 | D:4      | Found Aminkas's Magic Scroll Emporium.
  1192 | D:4      | Noticed Grinder
  1202 | D:4      | Paralysed by Grinder for 3 turns
  1217 | D:4      | Killed Grinder
  1217 | D:4      | Reached skill level 5 in Fighting
  1217 | D:4      | Reached XP level 7. HP: 33/67 MP: 5/5
  1363 | D:4      | Found a sparkling altar of Nemelex Xobeh.
  1490 | D:5      | Found Huotaj Baoma's Assorted Antiques.
  1508 | D:5      | Reached skill level 5 in Shields
  1777 | D:5      | Reached skill level 6 in Axes
  1777 | D:5      | Reached skill level 5 in Armour
  2343 | D:6      | Reached XP level 8. HP: 61/75 MP: 5/5
  2409 | D:6      | Noticed Maggie
  2438 | D:6      | Killed Maggie
  2438 | D:6      | Reached skill level 7 in Axes
  2504 | D:6      | Got a pair of smoking gloves
  2510 | D:6      | Identified the +2 pair of gloves of Experimentation
                  | {*Corrode rF+ rC+++} (You found it on level 6 of the
                  | Dungeon)
  2939 | D:7      | Found a staircase to the Ecumenical Temple.
  2954 | Temple   | Entered the Ecumenical Temple
  3049 | Temple   | Became a worshipper of Makhleb the Destroyer
  3082 | D:7      | Gained mutation: Your spells are a little easier to cast,
                  | but a little less powerful. [potion of mutation]
  3082 | D:7      | Gained mutation: Your flesh is cold resistant. (rC+)
                  | [potion of mutation]
  3082 | D:7      | Gained mutation: You have a pair of small horns on your
                  | head. [potion of mutation]
  3082 | D:7      | Gained mutation: You are partially covered in rugged brown
                  | scales. (AC +1, +3% HP) [potion of mutation]
  3116 | D:7      | Gained mutation: You passively map the area around you.
                  | [Deep Dwarf growth]
  3116 | D:7      | Reached XP level 9. HP: 61/87 MP: 6/6
  3273 | D:7      | Reached skill level 8 in Axes
  3273 | D:7      | Reached skill level 1 in Invocations
  3586 | D:8      | Reached * piety under Makhleb
  3640 | D:8      | Noticed Pikel
  3654 | D:8      | Killed Pikel
  3654 | D:8      | Reached skill level 9 in Axes
  3722 | D:8      | Found Adyac's Jewellery Emporium.
  3739 | D:8      | Noticed Psyche
  3749 | D:8      | Killed Psyche
  3767 | D:8      | Reached XP level 10. HP: 59/98 MP: 8/8
  4503 | D:9      | Reached ** piety under Makhleb
  4511 | D:9      | Got a slimy helmet
  4599 | D:9      | Reached skill level 10 in Axes
  4810 | D:9      | Reached skill level 5 in Invocations
  4880 | D:9      | Noticed an orb spider
  4890 | D:9      | an orb spider changed into a wind drake
  4891 | D:9      | Noticed a fire crab
  4891 | D:9      | a wind drake changed into a fire crab
  4896 | D:9      | Killed a fire crab
  5077 | D:10     | Entered Level 10 of the Dungeon
  5145 | D:10     | You fall into a shaft and drop 2 floors!
  5166 | D:12     | Reached *** piety under Makhleb
  5224 | D:12     | Reached XP level 11. HP: 100/109 MP: 10/10
  5254 | D:11     | Noticed a two-headed ogre
  5263 | D:11     | Killed a two-headed ogre
  5276 | D:10     | Found a staircase to the Orcish Mines.
  5310 | D:10     | Found an opulent altar of Gozag.
  5405 | D:10     | Reached skill level 11 in Axes
  5762 | D:10     | Noticed a five-headed hydra
  5772 | D:10     | Killed a one-headed hydra
  5925 | D:11     | Found a staircase to the Lair.
  5957 | D:11     | Reached **** piety under Makhleb
  6170 | D:11     | Reached skill level 10 in Fighting
  6236 | D:11     | Noticed a tengu warrior
  6268 | D:11     | Killed a tengu warrior
  6396 | D:11     | Noticed a death knight
  6446 | D:11     | Killed a death knight
  6959 | D:12     | Reached XP level 12. HP: 63/119 MP: 8/8
  6986 | D:12     | Reached skill level 12 in Axes
  7093 | D:12     | Noticed Maurice
  7116 | D:12     | Reached skill level 1 in Evocations
  7138 | D:12     | Killed Maurice
  7712 | D:13     | Noticed a tengu warrior
  7735 | D:13     | Killed a tengu warrior
  7735 | D:13     | Reached skill level 1 in Dodging
  7793 | D:13     | Found a snail-covered altar of Cheibriados.
  7827 | D:13     | Reached ***** piety under Makhleb
  7926 | D:13     | Noticed a centaur warrior
  7928 | D:13     | Noticed an eight-headed hydra
  7930 | D:13     | Noticed a two-headed ogre
  7937 | D:13     | Killed a two-headed hydra
  7938 | D:13     | Reached skill level 5 in Dodging
  7940 | D:13     | Killed a centaur warrior
  7942 | D:13     | Killed a two-headed ogre
  8138 | D:13     | Found a glowing golden altar of the Shining One.
  8320 | D:13     | Noticed a vault guard
  8320 | D:13     | Noticed a vault guard
  8320 | D:13     | Noticed a vault guard
  8320 | D:13     | Noticed a vault guard
  8321 | D:13     | Found a gate to the Vaults.
  8321 | D:13     | Noticed a vault guard
  8321 | D:13     | Noticed a vault guard
  8322 | D:13     | Noticed a vault guard
  8324 | D:13     | Noticed a vault guard
  8334 | D:13     | Killed a vault guard
  8344 | D:13     | Killed a vault guard
  8344 | D:13     | Reached XP level 13. HP: 75/127 MP: 10/10
  8360 | D:13     | Reached skill level 10 in Dodging
  8532 | D:14     | Noticed a fire giant
  8591 | D:14     | Found Ropadyul's Antique Armour Shoppe.
  8599 | D:14     | Bought an ancient tower shield for 237 gold pieces
  8609 | D:14     | Identified the +1 tower shield of the Beggar {Int+3} (You
                  | bought it in a shop on level 14 of the Dungeon)
  8728 | D:14     | Killed a fire giant
  9088 | D:15     | Entered Level 15 of the Dungeon
  9192 | D:15     | Found an iron altar of Okawaru.
  9260 | D:15     | Reached skill level 10 in Armour
  9314 | D:15     | Reached skill level 5 in Evocations
  9358 | D:15     | Reached skill level 10 in Shields
  9423 | D:15     | Noticed an ettin
  9432 | D:15     | Killed an ettin
  9432 | D:15     | Reached ****** piety under Makhleb
  9432 | D:15     | Reached skill level 13 in Axes
  9432 | D:15     | Gained mutation: You resist negative energy. (rN+) [Deep
                  | Dwarf growth]
  9432 | D:15     | Reached XP level 14. HP: 120/139 MP: 12/12
  9437 | D:15     | Found a staircase to the Depths.
  9629 | D:15     | Reached skill level 10 in Invocations
 10297 | Lair:1   | Entered Level 1 of the Lair of Beasts
 11336 | Lair:3   | Found a staircase to the Shoals.
 11468 | Lair:3   | Found a runed translucent gate.
 11469 | Lair:3   | Found a runed translucent gate.
 11469 | Lair:3   | Found a runed translucent gate.
 11470 | Lair:3   | Noticed Hykosis's ghost (journeyman MiFi)
 11544 | Lair:3   | Found a staircase to the Snake Pit.
 11840 | Lair:4   | Noticed Rupert
 11847 | Lair:4   | Paralysed by Rupert for 7 turns
 11855 | Lair:4   | Mangled by Rupert

Illustrated notes

Levels and vault maps discovered:
D:1:      lightli_arrival_statuegarden, layout_loops_ring, st_stairs_13,
          hangedman_decor_clover_reticule, grunt_decor_mini_mirrors
D:2:      layout_basic
D:3:      layout_loops_ring, uniq_crazy_yiuf_cottage
D:4:      layout_loops_ring, kennysheep_little_box, serial_shops,
          kennysheep_mini, roderic_malta_cross, uniq_grinder
D:5:      layout_basic, serial_shops, shop
D:6:      layout_loops_ring, minmay_fractal_squares_diagonal_5, uniq_maggie
D:7:      minmay_inner_zag, layout_rooms, minmay_temple_entry_ruins
D:8:      layout_layer_cave, serial_shops, shop, uniq_pikel, uniq_psyche
D:9:      minmay_the_grid_triangle_9x9_rhombus_thin_mashed
          [minmay_the_grid_triangle_9x9_thin_v,
          minmay_the_grid_triangle_9x9_prize_schism,
          minmay_the_grid_triangle_9x9_windchime,
          minmay_the_grid_triangle_9x9_negative_grid], layout_basic
D:10:     minmay_bloctagon_deflated, layout_basic, orc_0_dummy,
          nicolae_gozag_cash_rules_everything_around_me
D:11:     layout_cave_pods, erik_lair_orcish_takeover, kennysheep_small_circle
D:12:     layout_long_grid, uniq_maurice
D:13:     layout_big_octagon, erik_vaults_2, basic_altar,
          nicolae_tso_swordbearing_angel
D:14:     minmay_firetagon, layout_basic, serial_shops,
          nicolae_shop_overgrown_old_shop, abandoned_shop
D:15:     hangedman_depths_entry_civil_slaughter, layout_long_grid,
          okawaru_ov_weapons_minmay, kennysheep_kite_vault
Temple:   grunt_wide_crystal_templ
Lair:1:   layout_chaotic_city, lemuel_fruit_fields, serial_bayou_shore_b,
          minmay_lair_oklob_chamber
Lair:2:   layout_cellular_growth
Lair:3:   layout_loops_ring, minmay_shoals_entry_centaurs, dummy_snake_entry,
          ebering_ghost_rock_garden, chequers_serial_rivers_marsh
Lair:4:   layout_loops_ring, minivault_24, zaba_antful_of_joy, uniq_rupert,
          uniq_snorg

Skill      XL: |  1  2  3  4  5  6  7  8  9 10 11 12 13 14 |
---------------+-------------------------------------------+-----
Fighting       | 3 4 5 6 7 9 10 11 | 11.6
Axes           | 3 4 5 6 7 9 10 11 12 13 | 13.4
Armour         | 4 5 6 7 8 9 10 11 | 11.0
Shields        | 4 5 6 7 8 9 10 | 10.8
Invocations    | 3 5 7 8 9 10 | 10.6
Evocations     | 2 5 7 |  7.4
Dodging        | 9 11 | 11.0

Action                   |  1- 3 |  4- 6 |  7- 9 | 10-12 | 13-15 || total
-------------------------+-------+-------+-------+-------+-------++-------
Melee: War axe           |    91 |   123 |    70 |       |       ||   284
       Hand axe          |       |       |    61 |       |       ||    61
       Broad axe         |       |       |   160 |   712 |   534 ||  1406
       Headbutt          |       |       |    16 |   179 |   150 ||   345
Invok: Lesser Servant of |       |       |       |     1 |       ||     1
 Abil: Heal Wounds       |     1 |     8 |    11 |    18 |    17 ||    55
Evoke: Wand              |       |       |       |     5 |       ||     5
  Use: Scroll            |       |       |    16 |     7 |     9 ||    32
       Potion            |       |       |     4 |     1 |     1 ||     6
Armor: Scale mail        |    44 |    41 |       |       |       ||    85
       Plate armour      |       |    13 |   253 |   528 |   206 ||  1000
Dodge: Dodged            |    31 |    26 |    68 |   152 |   153 ||   430
Block: Kite shield       |    45 |    61 |   216 |   487 |    59 ||   868
       Tower shield      |       |       |       |       |   537 ||   537
       Reflection        |       |       |       |       |    26 ||    26

Table legend: (Time is in decaauts)
 A = Elapsed time spent in this place.
 B = Non-inter-level travel time spent in this place.
 C = Inter-level travel time spent in this place.
 D = Time resting spent in this place.
 E = Time spent auto-exploring this place.
 F = Levels seen in this place.
 G = Mean time per level.
                   A        B        C        D        E       F      G
               +--------+--------+--------+--------+--------+-----+--------+
         Total |  12132 |  11332 |    800 |    105 |   7925 |  20 |  606.6 |
       Dungeon |  10463 |   9834 |    629 |    105 |   6595 |  15 |  697.5 |
        Temple |    108 |     73 |     35 |      0 |     71 |   1 |  108.0 |
          Lair |   1560 |   1424 |    136 |      0 |   1258 |   4 |  390.0 |
               +--------+--------+--------+--------+--------+-----+--------+

Top non-repeatable levels by time:
    D:11: 1135 daAuts
    D:15: 1097 daAuts
     D:8: 904 daAuts
    D:12: 902 daAuts
    D:13: 882 daAuts
     D:4: 862 daAuts
     D:6: 777 daAuts
     D:9: 736 daAuts
  Lair:2: 710 daAuts
    D:10: 665 daAuts
     D:5: 646 daAuts
    D:14: 637 daAuts
  Lair:3: 632 daAuts
     D:7: 601 daAuts
     D:2: 275 daAuts
